 Dungeon Crawl Stone Soup version 0.30-b1-2-g02819fbbbe (webtiles) character file.

Game seed: 6408616174061487481

3992 Angani the Nimble (level 10, 0/76 HPs)
             Began as a Djinni Berserker on May 9, 2023.
             Was an Elder of Trog.
             Slain by a wyvern (7 damage)
             ... on level 8 of the Dungeon.
             The game lasted 00:10:51 (7438 turns).

Angani the Nimble (Djinni Berserker)                Turns: 7438, Time: 00:10:52

Health: 0/76       AC:  8    Str: 26    XL:     10   Next: 46%
Gold:   317        EV: 15    Int:  9    God:    Trog [****..] SH:  0 Dex: 13

rFire   + +          .
                       - Unarmed
rCold   x . .        (no shield)
rNeg    . . .        y - +0 steam dragon scales
rPois   ∞            (no helmet)
rElec   .            k - +0 cloak
rCorr   .            (no gloves)
SInv    .            (boots unavailable)
Will    +....        (no amulet)
Stlth   +            p - +6 ring of strength
HPRegen 0.32/turn    (no ring)
MPRegen 0.00/turn

%: infuse magic (-1 HP)
@: on berserk cooldown, flying, slowed, very slow
A: sickness immunity, fire resistance 2, cold vulnerability 1, float, innate
caster, HP casting, extra vitality 1
a: Renounce Religion, Berserk, Trog's Hand, Brothers in Arms


You were on level 8 of the Dungeon.
You worshipped Trog.
Trog was greatly pleased with you.
You visited 1 branch of the dungeon, and saw 8 of its levels.

You collected 317 gold pieces.

Inventory:

Missiles
 e - 9 javelins (quivered)
 f - 2 throwing nets
Armour
 k - a +0 cloak (worn)
 y - +0 steam dragon scales (worn)
Jewellery
 p - a +6 ring of strength (left hand)
Wands
 d - a wand of flame (40)
 m - a wand of digging (3)
 r - a wand of quicksilver (4)
Scrolls
 c - 2 scrolls of enchant armour
 h - 2 scrolls of fear
 i - 5 scrolls of teleportation
 j - 2 scrolls of poison
 l - a scroll of fog
 t - 2 scrolls of blinking
 w - 2 scrolls of immolation
Potions
 a - a potion of curing
 b - a potion of attraction
 g - 3 potions of heal wounds {unknown}
 n - 2 potions of might {unknown}
 o - 3 potions of flight {unknown}
 q - 2 potions of invisibility {unknown}
 s - a potion of mutation {unknown}
 u - 2 potions of resistance {unknown}
 x - a potion of lignification {unknown}


   Skills:
 + Level 7.8 Fighting
 + Level 7.5 Armour
 + Level 8.2 Dodging
 + Level 7.9 Unarmed Combat


You knew the following spells:

 Your Spells              Type           Power      Damage    Failure   Level
a - Kiss of Death         Conj/Necr      0%         2d5       38%         1
b - Ensorcelled Hibernat  Hex/Ice        0%         N/A       52%         2
c - Momentum Strike       Conj/Tloc      0%         3d8       52%         2
d - Animate Armour        Summ/Erth      0%         N/A       99%         4
Your spell library was empty.

Dungeon Overview and Level Annotations

Branches:
Dungeon (8/15)             Temple (0/1) D:6
   Lair: D:8-11

Altars:
Ashenzari
Cheibriados
Dithmenos
Elyvilon
Gozag
Makhleb
Nemelex Xobeh
Okawaru
Ru
Trog
Wu Jian
Yredelemnul
Zin


Innate Abilities, Weirdness & Mutations

You are immune to sickness and miasma.
You are immune to poison.
Your flesh is very heat resistant. (rF++)
You are vulnerable to cold. (rC-)
You float through the air rather than walking.
You learn spells naturally, not from books.
Your magical power is your life essence.
You have superior vitality. (+4 MHP)


Message History

Unknown command.
You hear a shout!
Items here: )) [ ††.
Okay, then.
Your ogre rages.
You hear a bellow!
Your ogre rages.
You start resting.
Your ogre rages. x2
A wyvern comes into view.
The wyvern hisses menacingly.
A wyvern is nearby!
The wyvern bites your ogre!
Your ogre dies!
Your ogre's corpse disappears in a puff of smoke!
The wyvern closely misses you.
You hit the wyvern. You punch the wyvern.
The wyvern is moderately wounded.
The wyvern bites you but does no damage.
The wyvern completely misses you.
You punch the wyvern!
The wyvern is severely wounded.
The wyvern barely misses you.
You barely miss the wyvern.
The wyvern is severely wounded.
The wyvern bites you! x2
* * * LOW HITPOINT WARNING * * *
You hit the wyvern.
The wyvern is almost dead.
The wyvern bites you.
* * * LOW HITPOINT WARNING * * *
The wyvern barely misses you.
Aiming: Quicksilver Bolt
Press: ? - help, Shift-Dir - straight line, f - wyvern
Aim: a wyvern (almost dead, 71% to hit)
The bolt of dispelling energy misses the wyvern.
The wyvern barely misses you. The wyvern bites you.
* * * LOW HITPOINT WARNING * * *
The wyvern bites you!
You die...

# #. #.. #...
#....#########
#.....)..l@..#
#.....#####.##
#.....#<....#
##.##.#######
.. .. ## #. #.
#.


You could see a wyvern.

Vanquished Creatures
  A hornet (D:7)
  4 yaks (D:8)
  A steam dragon (D:7)
  2 water moccasins
  3 ice beasts
  A black bear (D:7)
  An orc warrior (D:7)
  2 ogres
  A centaur (D:7)
  2 phantoms
  A kobold brigand (D:6)
  2 bullfrogs (D:7)
  2 scorpions
  4 killer bees (D:7)
  4 howler monkeys
  A crimson imp (D:7)
  2 hounds
  2 orc priests
  2 sleepcaps
  6 iguanas
  4 orc wizards
  5 gnolls
  12 adders
  An ufetubus (D:5)
  2 worms
  3 dart slugs
  26 orcs
  8 ball pythons
  7 endoplasms
  9 giant cockroaches
  4 goblins
  10 hobgoblins
  15 jackals
  11 kobolds
  3 quokkas
  6 bats
  A frilled lizard (D:2)
  8 rats
179 creatures vanquished.

Vanquished Creatures (collateral kills)
  Joseph (D:8)
  A wyvern (D:8)
  A yak (D:8)
3 creatures vanquished.

Vanquished Creatures (others)
  A fungus (D:8)
  9 plants (D:8)
10 creatures vanquished.

Grand Total: 192 creatures vanquished

Notes
Turn   | Place    | Note
-------+----------+-------------------------------------------
     0 | D:1      | Angani the Djinni Berserker began the quest for the Orb.
     0 | D:1      | Reached XP level 1. HP: 20/20 MP: 0/0
   130 | D:1      | Reached XP level 2. HP: 22/25 MP: 0/0
   290 | D:1      | Reached XP level 3. HP: 27/30 MP: 0/0
   290 | D:1      | Learned a level 1 spell: Kiss of Death
   342 | D:1      | Found a faded altar of an unknown god.
   510 | D:1      | Reached ** piety under Trog
  1200 | D:2      | Reached XP level 4. HP: 35/35 MP: 0/0
  1376 | D:2      | Reached skill level 3 in Dodging
  2107 | D:3      | Reached XP level 5. HP: 35/41 MP: 0/0
  2107 | D:3      | Learned a level 2 spell: Ensorcelled Hibernation
  2386 | D:3      | Found a snail-covered altar of Cheibriados.
  2427 | D:3      | Reached XP level 6. HP: 47/47 MP: 0/0
  2725 | D:4      | Reached *** piety under Trog
  2780 | D:4      | Noticed an ogre
  2788 | D:4      | Killed an ogre
  2789 | D:4      | Reached skill level 4 in Dodging
  3010 | D:4      | Reached XP level 7. HP: 15/53 MP: 0/0
  3010 | D:4      | Learned a level 2 spell: Momentum Strike
  3229 | D:4      | Identified the +9 hand axe of the Big Bang {pain, Int+4}
  3299 | D:4      | Found a faded altar of an unknown god.
  3299 | D:4      | Found a sparkling altar of Nemelex Xobeh.
  3307 | D:4      | Found a white marble altar of Elyvilon.
  3309 | D:4      | Found an iron altar of Okawaru.
  3311 | D:4      | Found a faded altar of an unknown god.
  3344 | D:4      | Found an ornate altar of the Wu Jian Council.
  3347 | D:4      | Found an opulent altar of Gozag.
  3347 | D:4      | Found a basalt altar of Yredelemnul.
  3350 | D:4      | Found a bloodstained altar of Trog.
  3352 | D:4      | Found a broken altar of Ashenzari.
  3587 | D:4      | You are sucked into a shaft and drop 2 floors!
  3605 | D:6      | Found a glowing silver altar of Zin.
  3627 | D:6      | Reached skill level 5 in Fighting
  3627 | D:6      | Reached skill level 5 in Unarmed Combat
  3631 | D:6      | Reached XP level 8. HP: 59/59 MP: 0/0
  3636 | D:6      | Reached skill level 5 in Dodging
  3697 | D:5      | Entered Level 5 of the Dungeon
  4076 | D:5      | Found a shadowy altar of Dithmenos.
  4357 | D:5      | Reached **** piety under Trog
  4463 | D:5      | Reached skill level 5 in Armour
  5082 | D:6      | Found a staircase to the Ecumenical Temple.
  5259 | D:6      | Identified the +0 leather armour "Ceqal" {Fly rElec rPois
                  | rN++}
  5720 | D:7      | Reached skill level 6 in Dodging
  5720 | D:7      | Reached XP level 9. HP: 41/66 MP: 0/0
  5720 | D:7      | Learned a level 4 spell: Animate Armour
  6095 | D:7      | Found a sacrificial altar of Ru.
  6624 | D:7      | Noticed a hornet
  6633 | D:7      | Killed a hornet
  6711 | D:7      | Reached skill level 7 in Dodging
  7268 | D:7      | Reached XP level 10. HP: 71/75 MP: 0/0
  7318 | D:7      | Found a burning altar of Makhleb.
  7395 | D:8      | Noticed Joseph
  7419 | D:8      | Reached skill level 8 in Dodging
  7420 | D:8      | Killed Joseph
  7438 | D:8      | Slain by a wyvern

Illustrated notes

Levels and vault maps discovered:
D:1:      ncdulo_halloftheorcs, layout_basic,
          hellmonk_ecumenical_altar_heavens_door
D:2:      layout_loops_ring, minmay_misc_feat_encased, amcnicky_mini_pool_small,
          minmay_puff
D:3:      layout_basic, mainiacjoe_overflow_alcove_1, serial_glass,
          glass_columns_c, glass_columns_a
D:4:      layout_gridville, minitemple, chequers_temple_overflow_minitemple
D:5:      layout_basic, grunt_dithmenos_smoke_and_mirrors
D:6:      layout_cave_pools, mainiacjoe_overflow_cross_hatched,
          minmay_temple_entry_purple_smoke
D:7:      minmay_skewed_foursquare, layout_loops_ring, makhleb_grotto_becter,
          mainiacjoe_overflow_alcove_4
D:8:      layout_basic, minmay_lair_entry_grove, ebering_ghost_xom,
          uniq_amaemon, uniq_joseph, uniq_pikel

Skill      XL: |  1  2  3  4  5  6  7  8  9 10 |
---------------+-------------------------------+-----
Dodging        | 3 4 6 7 8 |  8.2
Armour         | 3 4 5 6 7 |  7.5
Fighting       | 4 5 6 7 |  7.8
Unarmed Combat | 4 5 6 7 |  7.9

Action                     |  1- 3 |  4- 6 |  7- 9 | 10-12 || total
---------------------------+-------+-------+-------+-------++-------
  Melee: Unarmed           |   115 |   206 |   470 |    38 ||   829
         Punch             |     5 |     5 |    17 |     4 ||    31
  Throw: Javelin           |       |     5 |       |       ||     5
 Invoke: Berserk           |     1 |     3 |     7 |     1 ||    12
         Brothers in Arms  |       |       |       |     1 ||     1
  Evoke: Wand              |       |     2 |     3 |     1 ||     6
    Use: Scroll            |     3 |     3 |     8 |       ||    14
   Stab: Paralysed         |       |     5 |       |       ||     5
         Sleeping          |       |       |     1 |       ||     1
 Armour: Animal skin       |    10 |       |       |       ||    10
         Leather armour    |    17 |    14 |    39 |       ||    70
         Ring mail         |       |    57 |    73 |       ||   130
         Steam dragon scal |       |       |     8 |     5 ||    13
  Dodge: Dodged            |    67 |   112 |   304 |    15 ||   498
